 Dungeon Crawl Stone Soup version 0.31-a0-848-gaac375c287 (webtiles) character file.

Game seed: 9344216142268305299

188 MachoJfn the Poker (level 5, -1/40 HPs)
             Began as a Demonspawn Gladiator on Oct 4, 2023.
             Slain by Crazy Yiuf
             ... wielding a +3 quarterstaff of chaos
              (11 damage)
             ... on level 2 of the Dungeon.
             The game lasted 00:06:49 (2110 turns).

MachoJfn the Poker (Demonspawn Gladiator)           Turns: 2110, Time: 00:06:49

Health: -1/40      AC:  4    Str: 18    XL:     5   Next: 39%
Magic:  5/5        EV: 13    Int: 11    God:
Gold:   79         SH:  0    Dex: 15    Spells: 4/4 levels left

rFire   . . .        n - +4 short sword "Hoic" {heavy, rElec Str+2 Stlth+}
rCold   . . .        (no shield)
rNeg    . . .        b - +0 leather armour
rPois   .            c - +0 helmet
rElec   +            (no cloak)
rCorr   .            (no gloves)
SInv    .            (no boots)
Will    .....        (no amulet)
Stlth   ++           (no ring)
HPRegen 0.26/turn    (no ring)
MPRegen 0.09/turn

%: no passive effects
@: lethally poisoned (-1 -> -14)
A: powered by pain 1, big brain 1, screaming 1
a: no special abilities


You were on level 2 of the Dungeon.
You visited 1 branch of the dungeon, and saw 2 of its levels.

You collected 79 gold pieces.

Inventory:

Hand Weapons
 a - a +0 trident
 l - a +2 dagger of draining
 n - the +4 short sword "Hoic" (weapon) {heavy, rElec Str+2 Stlth+}
   (You found it on level 2 of the Dungeon)

   Str+2:     It affects your strength (+2).
   rElec:     It insulates you from electricity.
   Stlth+:    It makes you more stealthy.
Missiles
 d - 3 throwing nets
 e - a javelin
 i - 18 stones
 j - 5 poisoned darts
 m - 5 boomerangs
Armour
 b - a +0 leather armour (worn)
 c - a +0 helmet (worn)
Scrolls
 f - a scroll of blinking
 h - a scroll of identify
 k - a scroll of vulnerability (quivered) {unknown}
Potions
 g - 2 potions of curing {unknown}


   Skills:
 + Level 2.8 Fighting
 + Level 0.5 Short Blades
 + Level 4.0 Polearms
 + Level 1.7 Throwing
 + Level 1.9 Armour
 + Level 3.5 Dodging
 + Level 0.4 Stealth


You had 4 spell levels left.
You didn't know any spells.
Your spell library contained the following spells:

 Spells                   Type           Power      Damage    Failure   Level
 Ensorcelled Hibernation  Hex/Ice        0%         N/A       54%         2
 Passwall                 Tmut/Erth      0%         N/A       54%         2
 Swiftness                Air            0%         N/A       77%         3


Dungeon Overview and Level Annotations

Branches:
Dungeon (2/15)

Altars:

Annotations:
D:2 Crazy Yiuf


Innate Abilities, Weirdness & Mutations

You sometimes gain a little power by taking damage.
You have an unusually large brain. (Int +2)
You occasionally shout uncontrollably at your foes.


Message History

Natasha casts a spell at you.
You feel yourself slow down.
The cerulean imp hits you but does no damage.
Natasha closely misses you. The cerulean imp misses you.
You barely miss Natasha.
Natasha is almost dead.
Natasha barely misses you.
The cerulean imp hits you with a +1 spear.
Natasha claws you! The cerulean imp closely misses you.
You hit Natasha.
You kill Natasha!
You feel Natasha's spirit has finally been put to rest.
The cerulean imp disappears in a puff of smoke!
Your Polearms skill increases to level 4!
You start resting.
You feel yourself speed up.
You start resting.
HP restored.
You start waiting.
Done waiting.
You start waiting.
Done waiting.
Found a hammer.
Found a runed translucent door.
Crazy Yiuf shouts!
Crazy Yiuf sings, "Trees, trees, trees, circus!"
You are not religious.
You open the door. You hit Crazy Yiuf.
Crazy Yiuf is lightly wounded.
Crazy Yiuf says, "Nubble!
Lay infinity leg."
Crazy Yiuf hits you with a +3 quarterstaff of chaos!
You are poisoned.
You puncture Crazy Yiuf!
Crazy Yiuf is heavily wounded.
You feel extremely sick. Crazy Yiuf closely misses you.
Crazy Yiuf hits you with a +3 quarterstaff of chaos!
* * * LOW HITPOINT WARNING * * *
You convulse!
You die...

...# ##.####
#...# ...#
#....## ###.##
...# ####..# #..#
...# #### ##.#
#### #.#
########## #.##
.........# ###
####..#
##########
#)..### ##..#..#
#...g@####......#
#...##..#.PP...##
### ###.#...###
#######


You could see Crazy Yiuf.

Vanquished Creatures
  Jessica (D:2)
  Natasha (thrice) (D:2)
  Robin (D:2)
  A dart slug (D:2)
  6 ball pythons
  8 endoplasms
  5 giant cockroaches
  15 goblins
  5 hobgoblins
  7 jackals (D:1)
  2 quokkas
  4 bats (D:1)
  2 frilled lizards
  2 kobolds (D:1)
  3 rats (D:1)
65 creatures vanquished.

Notes
Turn   | Place    | Note
-------+----------+-------------------------------------------
     0 | D:1      | MachoJfn the Demonspawn Gladiator began the quest for the
                  | Orb.
     0 | D:1      | Reached XP level 1. HP: 16/16 MP: 1/1
   250 | D:1      | Gained mutation: You have an unusually large brain. (Int
                  | +2) [demonic ancestry]
   250 | D:1      | Reached XP level 2. HP: 22/22 MP: 2/2
   434 | D:1      | Reached skill level 3 in Polearms
   530 | D:1      | Reached XP level 3. HP: 22/27 MP: 3/3
  1049 | D:2      | Noticed Robin
  1157 | D:2      | Reached skill level 1 in Armour
  1167 | D:2      | Killed Robin
  1172 | D:2      | Reached XP level 4. HP: 17/34 MP: 4/4
  1243 | D:2      | Gained mutation: You occasionally shout uncontrollably at
                  | your foes. [potion of mutation]
  1274 | D:2      | Noticed Jessica
  1281 | D:2      | Killed Jessica
  1394 | D:2      | Identified the +4 short sword "Hoic" {heavy, rElec Str+2
                  | Stlth+}
  1485 | D:2      | Noticed Natasha
  1498 | D:2      | Killed Natasha
  1557 | D:2      | Gained mutation: You sometimes gain a little power by
                  | taking damage. [demonic ancestry]
  1557 | D:2      | Reached XP level 5. HP: 29/39 MP: 5/5
  1704 | D:2      | Noticed Natasha
  1744 | D:2      | Killed Natasha
  1749 | D:2      | Noticed Natasha
  1759 | D:2      | Killed Natasha
  1760 | D:2      | Reached skill level 4 in Polearms
  2104 | D:2      | Found a runed translucent door.
  2105 | D:2      | Noticed Crazy Yiuf
  2110 | D:2      | Slain by Crazy Yiuf

Illustrated notes

Levels and vault maps discovered:
D:1:      dpeg_arrival_simpleton_c, layout_loops_corners, minmay_surrounded
D:2:      layout_rooms, uniq_robin, uniq_jessica, uniq_natasha,
          uniq_crazy_yiuf_cottage

Skill      XL: |  1  2  3  4  5 |
---------------+----------------+-----
Dodging        | 3 |  3.5
Polearms       | 3 4 |  4.0
Armour         | 1 |  1.9
Fighting       | |  2.8
Short Blades   | |  0.5
Throwing       | |  1.7
Stealth        | |  0.4

Action                     |  1- 3 |  4- 6 || total
---------------------------+-------+-------++-------
  Melee: Trident           |   172 |    15 ||   187
         Punch             |     3 |       ||     3
         Short sword       |       |    30 ||    30
  Throw: Throwing net      |     1 |       ||     1
    Use: Scroll            |     1 |     1 ||     2
         Potion            |       |     2 ||     2
 Armour: Leather armour    |   114 |    34 ||   148
  Dodge: Dodged            |   122 |    33 ||   155

Table legend: (Time is in decaauts)
 A = Elapsed time spent in this place.
 B = Non-inter-level travel time spent in this place.
 C = Inter-level travel time spent in this place.
 D = Time resting spent in this place.
 E = Time spent auto-exploring this place.
 F = Levels seen in this place.
 G = Mean time per level.
                   A        B        C        D        E       F      G
               +--------+--------+--------+--------+--------+-----+--------+
         Total |   2142 |   2062 |     80 |    360 |   1188 |   2 | 1071.0 |
       Dungeon |   2142 |   2062 |     80 |    360 |   1188 |   2 | 1071.0 |
               +--------+--------+--------+--------+--------+-----+--------+

Top non-repeatable levels by time:
     D:1: 1091 daAuts
     D:2: 1051 daAuts
